cohdb
Replays
Latest Replays
All Replays
Popular Replays
Top Player Replays
Match Explorer
How It Works
Community
CoH3 Stats
Reddit
Sign in to upload your games and track your stats! →
Sign in with Steam
Match 45465305
Unlisted
Match 45465305
Overview
Messages
Build Orders
End
Selects Italian Infantry
Panzergrenadier Squad
Construct Light Support Kompanie
Selects Defensive Operations
MG34 Team
2.5-tonne Medical Truck
Forward Retreat Point
Construct Mechanized Kompanie
Panzergrenadier Squad
Selects Guastatori Squad
Selects Registered Artillery
Registered Artillery
8 Rad Armored Car
Guastatori Squad
Panzergrenadier Squad
Selects Towed Cannone da 105/28 Field Howitzer
Towed Cannone da 105/28 Field Howitzer
Telephone44
dilleybar77
The Kingslayer
nobu
Pew Pew
m.burr
admiral_gnar
401969617
0
0
Comments
sign in to comment!
No comments posted yet!